| TOP OF THE 1ST |
|
University of Michigan Wolverines batting - Pitching for Clemson University Tigers : RHP Cong Tung
|
|
Pitching: RHP Cong Tung
|
|
|
Batting: LHB Tony Olvera
|
0-0: Ball 1-0: Foul Ball, location: 2F 1-1: Ball 2-1: Ball 3-1: Called Strike 3-2: Base on Balls
|
|
Batting: LHB Dave Cook
|
0-0: Called Strike 0-1: Grounds into double play, 4-6-3 (Groundball, 4, EV 87.5 MPH)
|
|
Batting: LHB Adrian Navarro
|
0-0: Ball 1-0: Called Strike 1-1: Foul Ball, location: 2F 1-2: Ball 2-2: TRIPLE (Flyball, 78XD, EV 105.6 MPH)
|
|
Batting: RHB Franklin Ortega
|
0-0: Called Strike 0-1: Foul Ball, location: 2F 0-2: Ball 1-2: Foul Ball, location: 2F 1-2: SINGLE (Groundball, 6S, EV 69.4 MPH) (infield hit) Adrian Navarro scores
|
|
Batting: RHB Jamie Broadhurst
|
0-0: Swinging Strike 0-1: Ball 1-1: Foul Ball, location: 2F 1-2: Strikes out swinging
|
| Top of the 1st over - 1 run, 2 hits, 0 errors, 1 left on base; University of Michigan 1 - Clemson University 0 |
| BOTTOM OF THE 1ST |
|
Clemson University Tigers batting - Pitching for University of Michigan Wolverines : LHP Greg Bradley
|
|
Pitching: LHP Greg Bradley
|
|
|
Batting: LHB John Rumbolt
|
0-0: Ball 1-0: Called Strike 1-1: Ball 2-1: Ball 3-1: Base on Balls
|
|
Batting: RHB Jorge Alva
|
0-0: Called Strike 0-1: Ball 1-1: Foul Ball, location: 2F 1-2: Foul Ball, location: 2F Pickoff Throw to First - Error! E1 John Rumbolt to second 1-2: Fly out, F4 (Popup, 34S, EV 69.4 MPH)
|
|
Batting: RHB Josh LeSage
|
0-0: Called Strike 0-1: Ball 1-1: Swinging Strike 1-2: Ball 2-2: Ball 3-2: Ground out U3 (Groundball, 34, EV 85.0 MPH) John Rumbolt to third
|
|
Batting: LHB Jayden Pelayo
|
0-0: Foul Ball, location: 2F 0-1: Swinging Strike 0-2: Ball 1-2: Foul Ball, location: 2F 1-2: 2-RUN HOME RUN (Flyball, 89XD, EV 99.4 MPH), Distance : 422 ft
|
|
Batting: RHB Ryan Thurston
|
0-0: Called Strike 0-1: Ball 1-1: Swinging Strike 1-2: Ball 2-2: Ball 3-2: SINGLE (Line Drive, 89S, EV 90.0 MPH)
|
|
Batting: LHB Jackson Wither
|
0-0: Ball 1-0: DOUBLE (Line Drive, 89D, EV 102.5 MPH) Ryan Thurston to third Runner from 3rd tries for Home, SAFE, no throw by CF
|
|
Batting: LHB Victor Reyna
|
0-0: Ball 1-0: Ball 2-0: Ball 3-0: Base on Balls
|
|
Batting: RHB Juan Barela
|
0-0: Ball 1-0: Fly out, F3 (Popup, 23F, EV 91.9 MPH)
|
| Bottom of the 1st over - 3 runs, 3 hits, 1 error, 2 left on base; University of Michigan 1 - Clemson University 3 |
| TOP OF THE 2ND |
|
University of Michigan Wolverines batting - Pitching for Clemson University Tigers : RHP Cong Tung
|
|
Batting: RHB Dave Guevara
|
0-0: Ball 1-0: Ball 2-0: Ball 3-0: Base on Balls
|
|
Batting: RHB Glen Limeburner
|
0-0: Called Strike 0-1: Fly out, F7 (Flyball, 78S, EV 86.9 MPH)
|
|
Batting: RHB Wei-fang Ping
|
0-0: Called Strike 0-1: Called Strike 0-2: Grounds into double play, 5-4-3 (Groundball, 5S, EV 86.2 MPH)
|
| Top of the 2nd over - 0 runs, 0 hits, 0 errors, 0 left on base; University of Michigan 1 - Clemson University 3 |
| BOTTOM OF THE 2ND |
|
Clemson University Tigers batting - Pitching for University of Michigan Wolverines : LHP Greg Bradley
|
|
Batting: RHB Neal Perucci
|
0-0: Ball 1-0: Called Strike 1-1: Ball 2-1: Fly out, F7 (Flyball, 7LM, EV 88.1 MPH)
|
|
Batting: LHB John Rumbolt
|
0-0: Ground out 4-3 (Groundball, 4, EV 102.5 MPH)
|
|
Batting: RHB Jorge Alva
|
0-0: Ball 1-0: SINGLE (Groundball, 56D, EV 102.5 MPH) (infield hit)
|
|
Batting: RHB Josh LeSage
|
0-0: Ball Jorge Alva steals 2nd base 1-0: Ball 2-0: Foul Ball, location: 2F 2-1: SINGLE (Groundball, 4D, EV 98.1 MPH) Jorge Alva to third Runner from 3rd tries for Home, SAFE, throw by CF to home Josh LeSage to second
|
|
Batting: LHB Jayden Pelayo
|
0-0: Called Strike 0-1: Ball 1-1: Called Strike 1-2: Foul Ball, location: 2F 1-2: Ball 2-2: Foul Ball, location: 2F 2-2: Ball 3-2: Foul Ball, location: 2F 3-2: Strikes out swinging
|
| Bottom of the 2nd over - 1 run, 2 hits, 0 errors, 1 left on base; University of Michigan 1 - Clemson University 4 |
| TOP OF THE 3RD |
|
University of Michigan Wolverines batting - Pitching for Clemson University Tigers : RHP Cong Tung
|
|
Batting: RHB Esteban Rangel
|
0-0: Foul Ball, location: 2F 0-1: Swinging Strike 0-2: SINGLE (Line Drive, 89S, EV 93.1 MPH)
|
|
Batting: LHB Tony Olvera
|
0-0: Grounds into double play, 5-4-3 (Groundball, 5S, EV 88.8 MPH)
|
|
Batting: LHB Dave Cook
|
0-0: Ground out 4-3 (Groundball, 4, EV 83.8 MPH)
|
| Top of the 3rd over - 0 runs, 1 hit, 0 errors, 0 left on base; University of Michigan 1 - Clemson University 4 |
| BOTTOM OF THE 3RD |
|
Clemson University Tigers batting - Pitching for University of Michigan Wolverines : LHP Greg Bradley
|
|
Batting: RHB Ryan Thurston
|
0-0: Ball 1-0: Ball 2-0: Ground out U3 (Groundball, 34S, EV 91.2 MPH)
|
|
Batting: LHB Jackson Wither
|
0-0: Fly out, F5 (Line Drive, 5L, EV 68.8 MPH)
|
|
Batting: LHB Victor Reyna
|
0-0: Called Strike 0-1: Called Strike 0-2: Ball 1-2: Ground out 5-3 (Groundball, 5S, EV 71.2 MPH)
|
| Bottom of the 3rd over - 0 runs, 0 hits, 0 errors, 0 left on base; University of Michigan 1 - Clemson University 4 |
| TOP OF THE 4TH |
|
University of Michigan Wolverines batting - Pitching for Clemson University Tigers : RHP Cong Tung
|
|
Batting: LHB Adrian Navarro
|
0-0: Called Strike 0-1: Swinging Strike 0-2: Strikes out swinging
|
|
Batting: RHB Franklin Ortega
|
0-0: Swinging Strike 0-1: Ball 1-1: Ball 2-1: Ball 3-1: Base on Balls
|
|
Batting: RHB Jamie Broadhurst
|
0-0: Called Strike 0-1: Foul Ball, location: 2F 0-2: Ball 1-2: Ball 2-2: Foul Ball, location: 2F 2-2: Foul Ball, location: 2F 2-2: Ball 3-2: SINGLE (Groundball, 4D, EV 98.8 MPH) Franklin Ortega to second Runner from 2nd tries for 3rd, SAFE, throw by CF made to third
|
|
Batting: RHB Dave Guevara
|
0-0: Foul Ball, location: 2F 0-1: Foul Ball, location: 2F 0-2: Foul Ball, location: 2F 0-2: Foul Ball, location: 2F 0-2: Ball 1-2: 3-RUN HOME RUN (Flyball, 78XD, EV 105.0 MPH), Distance : 409 ft
|
|
Batting: RHB Glen Limeburner
|
0-0: Ball 1-0: Ground out 3-1 (Groundball, 34S, EV 88.8 MPH)
|
|
Batting: RHB Wei-fang Ping
|
0-0: Ball 1-0: Ball 2-0: Foul Ball, location: 2F 2-1: Called Strike 2-2: Ball 3-2: Strikes out swinging
|
| Top of the 4th over - 3 runs, 2 hits, 0 errors, 0 left on base; University of Michigan 4 - Clemson University 4 |
| BOTTOM OF THE 4TH |
|
Clemson University Tigers batting - Pitching for University of Michigan Wolverines : LHP Greg Bradley
|
|
Batting: RHB Juan Barela
|
0-0: Ball 1-0: Called Strike 1-1: Ball 2-1: Ball 3-1: Base on Balls
|
|
Batting: RHB Neal Perucci
|
0-0: Ball 1-0: Foul Ball, location: 2F 1-1: Swinging Strike 1-2: Ball 2-2: Ball 3-2: Strikes out swinging
|
|
Batting: LHB John Rumbolt
|
0-0: Fly out, F7 (Flyball, 78M, EV 76.9 MPH)
|
|
Batting: RHB Jorge Alva
|
0-0: Called Strike 0-1: Ball 1-1: Fielders Choice at 2nd, 6-4 (Groundball, 6, EV 103.1 MPH)
|
| Bottom of the 4th over - 0 runs, 0 hits, 0 errors, 1 left on base; University of Michigan 4 - Clemson University 4 |
| TOP OF THE 5TH |
|
University of Michigan Wolverines batting - Pitching for Clemson University Tigers : RHP Cong Tung
|
|
Batting: RHB Esteban Rangel
|
0-0: Fly out, F9 (Flyball, 9, EV 76.9 MPH)
|
|
Batting: LHB Tony Olvera
|
0-0: Called Strike 0-1: Called Strike 0-2: Foul Ball, location: 2F 0-2: Strikes out swinging
|
|
Batting: LHB Dave Cook
|
0-0: Called Strike 0-1: Ball 1-1: Ball 2-1: Ball 3-1: Base on Balls
|
|
Batting: LHB Adrian Navarro
|
0-0: Ball 1-0: Fly out, F8 (Flyball, 8RD, EV 90.6 MPH)
|
| Top of the 5th over - 0 runs, 0 hits, 0 errors, 1 left on base; University of Michigan 4 - Clemson University 4 |
| BOTTOM OF THE 5TH |
|
Clemson University Tigers batting - Pitching for University of Michigan Wolverines : LHP Greg Bradley
|
|
Batting: RHB Josh LeSage
|
0-0: Ball 1-0: Called Strike 1-1: Ball 2-1: Called Strike 2-2: Ball 3-2: Foul Ball, location: 2F 3-2: Foul Ball, location: 2F 3-2: Base on Balls
|
|
Batting: LHB Jayden Pelayo
|
0-0: Called Strike 0-1: Ball 1-1: Foul Ball, location: 2F 1-2: SINGLE (Groundball, 34D, EV 97.5 MPH) Josh LeSage to second Runner from 2nd tries for 3rd, OUT! 9-5 Jayden Pelayo to second
|
|
Batting: RHB Ryan Thurston
|
0-0: Called Strike 0-1: Fly out, F8 (Flyball, 8RD, EV 82.5 MPH)
|
|
Batting: LHB Jackson Wither
|
0-0: SINGLE (Groundball, 6MD, EV 101.9 MPH) Jayden Pelayo to third Runner from 3rd tries for Home, SAFE, throw by CF to home
|
|
Pitching: RHP Mike Echegoyen
|
|
|
Batting: LHB Victor Reyna
|
0-0: Called Strike Jackson Wither steals 2nd base 0-1: Ball 1-1: Fly out, F9 (Flyball, 9, EV 80.0 MPH)
|
| Bottom of the 5th over - 1 run, 2 hits, 0 errors, 1 left on base; University of Michigan 4 - Clemson University 5 |
| TOP OF THE 6TH |
|
University of Michigan Wolverines batting - Pitching for Clemson University Tigers : RHP Cong Tung
|
|
Pitching: LHP Brian Anderson
|
|
|
Batting: RHB Franklin Ortega
|
0-0: Ground out 5-3 (Groundball, 56, EV 96.2 MPH)
|
|
Batting: RHB Jamie Broadhurst
|
0-0: Fly out, F4 (Popup, 23, EV 81.9 MPH)
|
|
Batting: RHB Dave Guevara
|
0-0: Ball 1-0: Ball 2-0: Foul Ball, location: 2F 2-1: Fly out, F9 (Flyball, 89M, EV 83.8 MPH)
|
| Top of the 6th over - 0 runs, 0 hits, 0 errors, 0 left on base; University of Michigan 4 - Clemson University 5 |
| BOTTOM OF THE 6TH |
|
Clemson University Tigers batting - Pitching for University of Michigan Wolverines : RHP Mike Echegoyen
|
|
Batting: RHB Juan Barela
|
0-0: Ground out 1-3 (Groundball, 13S, EV 71.9 MPH)
|
|
Batting: RHB Neal Perucci
|
0-0: Ball 1-0: SINGLE (Groundball, 34D, EV 98.8 MPH)
|
|
Batting: LHB John Rumbolt
|
0-0: Called Strike 0-1: Swinging Strike 0-2: Ball 1-2: Strikes out looking
|
|
Batting: RHB Jorge Alva
|
0-0: Ball 1-0: SINGLE (Groundball, P, EV 82.5 MPH) (infield hit) Neal Perucci to second
|
|
Batting: RHB Josh LeSage
|
0-0: Swinging Strike 0-1: Ball 1-1: Foul Ball, location: 2F 1-2: Ball 2-2: Strikes out swinging
|
| Bottom of the 6th over - 0 runs, 2 hits, 0 errors, 2 left on base; University of Michigan 4 - Clemson University 5 |
| TOP OF THE 7TH |
|
University of Michigan Wolverines batting - Pitching for Clemson University Tigers : LHP Brian Anderson
|
|
Batting: RHB Glen Limeburner
|
0-0: Foul Ball, location: 2F 0-1: Called Strike 0-2: Ball 1-2: Ground out 4-3 (Groundball, 4S, EV 88.1 MPH)
|
|
Batting: RHB Wei-fang Ping
|
0-0: Ground out 6-3 (Groundball, 56, EV 103.8 MPH)
|
|
Batting: RHB Esteban Rangel
|
0-0: Called Strike 0-1: Ball 1-1: SINGLE (Flyball, 6MD, EV 91.2 MPH)
|
|
Pinch Hitting: RHB Jason Rhodes
|
0-0: Ball 1-0: 2-RUN HOME RUN (Flyball, 7D, EV 99.4 MPH), Distance : 380 ft
|
|
Batting: LHB Dave Cook
|
0-0: Called Strike 0-1: Swinging Strike 0-2: Foul Ball, location: 2F 0-2: Ball 1-2: Foul Ball, location: 2F 1-2: Ball 2-2: Fly out, F8 (Line Drive, 8RM, EV 89.4 MPH)
|
| Top of the 7th over - 2 runs, 2 hits, 0 errors, 0 left on base; University of Michigan 6 - Clemson University 5 |
| BOTTOM OF THE 7TH |
|
Clemson University Tigers batting - Pitching for University of Michigan Wolverines : RHP Mike Echegoyen
|
|
Pitching: RHP Befikadu Mthuthuzeli
|
|
|
Now in CF: Gabe Morales
|
|
|
Batting: LHB Jayden Pelayo
|
0-0: Called Strike 0-1: Ground out U3 (Groundball, 3, EV 79.4 MPH)
|
|
Batting: RHB Ryan Thurston
|
0-0: Ground out 6-3 (Groundball, 6, EV 91.9 MPH)
|
|
Batting: LHB Jackson Wither
|
0-0: Ball 1-0: Fly out, F7 (Flyball, 7LS, EV 84.4 MPH)
|
| Bottom of the 7th over - 0 runs, 0 hits, 0 errors, 0 left on base; University of Michigan 6 - Clemson University 5 |
| TOP OF THE 8TH |
|
University of Michigan Wolverines batting - Pitching for Clemson University Tigers : LHP Brian Anderson
|
|
Pitching: RHP Joachim Marot
|
|
|
Batting: LHB Adrian Navarro
|
0-0: Called Strike 0-1: Called Strike 0-2: Ball 1-2: Ball 2-2: Foul Ball, location: 2F 2-2: SINGLE (Groundball, 4MS, EV 86.2 MPH) (infield hit)
|
|
Batting: RHB Franklin Ortega
|
0-0: Called Strike 0-1: Swinging Strike 0-2: Foul Ball, location: 2F 0-2: Strikes out swinging
|
|
Batting: RHB Justin Young
|
0-0: Called Strike 0-1: Ball 1-1: Foul Ball, location: 2F 1-2: Ball 2-2: Ball 3-2: Foul Ball, location: 2F 3-2: Fly out, F9 (Flyball, 9D, EV 95.6 MPH)
|
|
Batting: RHB Dave Guevara
|
0-0: Ball 1-0: Foul Ball, location: 2F 1-1: Foul Ball, location: 2F 1-2: Ball 2-2: DOUBLE (Line Drive, 3D, EV 95.6 MPH) Adrian Navarro to third
|
|
Batting: RHB Glen Limeburner
|
0-0: Intentional Walk
|
|
Batting: RHB Wei-fang Ping
|
0-0: Foul Ball, location: 2F 0-1: Ball 1-1: Called Strike 1-2: Strikes out swinging
|
| Top of the 8th over - 0 runs, 2 hits, 0 errors, 3 left on base; University of Michigan 6 - Clemson University 5 |
| BOTTOM OF THE 8TH |
|
Clemson University Tigers batting - Pitching for University of Michigan Wolverines : RHP Befikadu Mthuthuzeli
|
|
Pinch Hitting: RHB Jason Duncan
|
0-0: Ball 1-0: Fly out, F8 (Flyball, 8LM, EV 95.0 MPH)
|
|
Pinch Hitting: RHB Chris Prinzing
|
0-0: Swinging Strike 0-1: Ball 1-1: Ball 2-1: Called Strike 2-2: Fly out, F3 (Popup, 3SF, EV 83.1 MPH)
|
|
Batting: RHB Neal Perucci
|
0-0: Ball 1-0: Ball 2-0: Called Strike 2-1: Foul Ball, location: 2F 2-2: Ball 3-2: SINGLE (Line Drive, 8LM, EV 110.6 MPH)
|
|
Batting: LHB John Rumbolt
|
0-0: Swinging Strike 0-1: Fly out, F7 (Flyball, 7D, EV 105.6 MPH)
|
| Bottom of the 8th over - 0 runs, 1 hit, 0 errors, 1 left on base; University of Michigan 6 - Clemson University 5 |
| TOP OF THE 9TH |
|
University of Michigan Wolverines batting - Pitching for Clemson University Tigers : RHP Joachim Marot
|
|
Pitching: RHP Gustavo Carena
|
|
|
Now at SS: Chris Prinzing
|
|
|
Now in LF: Jason Duncan
|
|
|
Batting: RHB Esteban Rangel
|
0-0: Called Strike 0-1: Ball 1-1: Foul Ball, location: 2F 1-2: Ball 2-2: Ball 3-2: Foul Ball, location: 2F 3-2: Foul Ball, location: 2F 3-2: Foul Ball, location: 2F 3-2: Foul Ball, location: 2F 3-2: Base on Balls
|
|
Batting: LHB Gabe Morales
|
0-0: Called Strike 0-1: Foul Ball, location: 2F 0-2: Ball 1-2: Strikes out swinging
|
|
Pinch Hitting: LHB Joel Sandoval
|
0-0: Fly out, F9 (Flyball, 9S, EV 89.4 MPH)
|
|
Batting: LHB Adrian Navarro
|
0-0: Called Strike 0-1: Ball 1-1: Foul Ball, location: 2F 1-2: Foul Ball, location: 2F 1-2: Foul Ball, location: 2F 1-2: Strikes out swinging
|
| Top of the 9th over - 0 runs, 0 hits, 0 errors, 1 left on base; University of Michigan 6 - Clemson University 5 |
| BOTTOM OF THE 9TH |
|
Clemson University Tigers batting - Pitching for University of Michigan Wolverines : RHP Befikadu Mthuthuzeli
|
|
Pitching: RHP Travis Palmisano
|
|
|
Now in LF: Joel Sandoval
|
|
|
Batting: RHB Jorge Alva
|
0-0: Ball 1-0: Foul Ball, location: 2F 1-1: Called Strike 1-2: SINGLE (Flyball, 8RD, EV 101.2 MPH)
|
|
Batting: RHB Josh LeSage
|
0-0: Called Strike 0-1: Ball 1-1: Foul Ball, location: 2F 1-2: Strikes out swinging
|
|
Batting: LHB Jayden Pelayo
|
0-0: Ball 1-0: Called Strike 1-1: Foul Ball, location: 2F 1-2: Foul Ball, location: 2F 1-2: Foul Ball, location: 2F 1-2: Fly out, F2 (Popup, 23F, EV 78.8 MPH)
|
|
Batting: RHB Ryan Thurston
|
0-0: Ball 1-0: Called Strike 1-1: Ball Jorge Alva steals 2nd base (no throw) 2-1: Swinging Strike 2-2: Foul Ball, location: 2F 2-2: Ball 3-2: Foul Ball, location: 2F 3-2: Foul Ball, location: 2F 3-2: Fly out, F9 (Flyball, 9, EV 85.0 MPH)
|
| Bottom of the 9th over - 0 runs, 1 hit, 0 errors, 1 left on base; University of Michigan 6 - Clemson University 5 |
|